[Event "Late-Titled-Tuesday-Blitz-September-19-2023"]
[Site "Chess.com"]
[Date "2023.09.19"]
[Round "4"]
[White "whitemirrorninja"]
[Black "szefru"]
[Result "0-1"]
[WhiteElo "2479"]
[BlackElo "2312"]
[TimeControl "180+1"]
[EndTime "14:37:22 PDT"]
[Termination "szefru won by resignation"]

1. Nf3 d5 2. e3 Nc6 3. b3 e5 4.
Bb5 Bd6 5. Bb2 Qe7 6. d4 e4 7.
Ne5 Bd7 8. Nxd7 Qxd7 9. c4 Bb4+ 10. Nc3 a6 11. Ba4 Nge7 12. O-O Bxc3 13. Bxc3 O-O 14.
Qe2 f5 15. f3 Qe6 16. fxe4 fxe4 17. Rxf8+ Rxf8 18. Rf1 Rxf1+ 19. Qxf1 Nf5 20. Qf4 Nd6 21.
cxd5 Qxd5 22. b4 Qxa2 23. Bd1 Qb1 24. Qf1 Nxb4 25. d5 Nxd5 26. Bd4 b6 27. h4 c5 28. Be5 Nxe3 29. Qxa6 Qxd1+ 30. Kh2 Ng4+ 31. Kg3 Nxe5 32. Qxb6 Qd3+ 33. Kf4 Ng6+ 34. Kg4 Qe2+ 35. Kh3 Nf4+ 36.
Kg3 Qe3+ 37. Kg4 h5+ 0-1

[Event "Late-Titled-Tuesday-Blitz-September-19-2023"]
[Site "Chess.com"]
[Date "2023.09.19"]
[Round "4"]
[White "KChor05TTV"]
[Black "Guzman70"]
[Result "1-0"]
[WhiteElo "2595"]
[BlackElo "2300"]
[TimeControl "180+1"]
[EndTime "14:37:24 PDT"]
[Termination "KChor05TTV won on time"]

1. d4 Nf6 2. c4 c5 3. Nf3 cxd4 4. Nxd4 e5 5. Nf3 Nc6 6. Nc3 Bb4 7. g3 O-O 8. Bd2 Re8 9. Bg2 h6 10. Nd5 Bc5 11. b4 Bf8 12. b5 e4 13. bxc6 exf3 14. c7 fxg2 15. Rg1 Nxd5 16. cxd8=R Rxd8 17. cxd5 Bc5 18. Rxg2 d6 19. h4 Bf5 20. Be3 Bb4+ 21. Kf1 Bh3 22. Kg1 Bxg2 23. Kxg2 b6 24. Qd4 Bc5 25. Qg4 Bxe3 26. fxe3 Re8 27. e4 Re7 28. Rf1 Rae8 29.
Rf4 Re5 30. Qd7 R8e7 31. Qxd6 f6 32. Kf3 Kh7 33. Qd8 Re8 34. Qd7 R5e7 35. Qf5+ Kh8 36. d6 Re5 37. Qd7 Kg8 38. Qxa7 R5e6 39. d7 Rd8 40.
Qc7 1-0

[Event "Late-Titled-Tuesday-Blitz-September-19-2023"]
[Site "Chess.com"]
[Date "2023.09.19"]
[Round "4"]
[White "Schwindle"]
[Black "Mariia89"]
[Result "1-0"]
[WhiteElo "2425"]
[BlackElo "2041"]
[TimeControl "180+1"]
[EndTime "14:37:24 PDT"]
[Termination "Schwindle won by checkmate"]

1. e4 c6 2. Nf3 d5 3. Nc3 dxe4 4. Nxe4 Nf6 5. Nxf6+ exf6 6. d4 Be7 7. Bd3 Bg4 8. Be3 Na6 9. c3 Nc7 10. h3 Bh5 11.
O-O O-O 12. Re1 Re8 13. Bf4 Nd5 14. Bh2 Qd7 15. a3 b5 16. Be2 Bg6 17. Nh4 Bd6 18.
Bxd6 Qxd6 19. Nxg6 hxg6 20. g3 Re7 21. Bf3 Rae8 22.
Rxe7 Rxe7 23. Qd2 Qe6 24. Kg2 f5 25. a4 f4 26. g4 g5 27. axb5 cxb5 28. Qd3 a6 29.
Qf5 Qxf5 30. gxf5 Nc7 31. Bb7 Re8 32. b3 Rb8 33. Bc6 Rb6 34. d5 Kf8 35. c4 Ne8 36. c5 Rxc6 37. dxc6 Nc7 38. b4 Nd5 39. Rd1 Nxb4 40. c7 a5 41. c8=Q+ Ke7 42. Qd8# 1-0

[Event "Late-Titled-Tuesday-Blitz-September-19-2023"]
[Site "Chess.com"]
[Date "2023.09.19"]
[Round "4"]
[White "Hikaru"]
[Black "Vaathi_Coming"]
[Result "1-0"]
[WhiteElo "3249"]
[BlackElo "2873"]
[TimeControl "180+1"]
[EndTime "14:37:25 PDT"]
[Termination "Hikaru won on time"]

1. Nf3 g6 2. e4 c5 3. c3 d5 4. exd5 Qxd5 5. Na3 Bg7 6. d4 Nf6 7. Nb5 Na6 8. Be3 cxd4 9. Qxd4 O-O 10. Nxa7 Bg4 11. Be2 Nc7 12. Qxd5 Nfxd5 13. Nb5 Nxe3 14. fxe3 Nd5 15. Kf2 Bh6 16. e4 Nf6 17. Bd3 Rfd8 18. Rhd1 Be6 19. Na3 Ng4+ 20. Ke2 Ne3 21. Rg1 Bg4 22.
h3 Be6 23. Nd4 Bd7 24. Nc4 Nxc4 25. Bxc4 e6 26. Rgd1 Bg7 27. Nf3 Bc6 28. Rxd8+ Rxd8 29. Bd3 Ra8 30. a3 f5 31. Bc4 Bxe4 32. Rd1 Kf8 33.
Ng5 Bxg2 34. Nxe6+ Kg8 35. Nf4+ 1-0

[Event "Late-Titled-Tuesday-Blitz-September-19-2023"]
[Site "Chess.com"]
[Date "2023.09.19"]
[Round "4"]
[White "SpeedofLight0"]
[Black "CSB7"]
[Result "1-0"]
[WhiteElo "3087"]
[BlackElo "2703"]
[TimeControl "180+1"]
[EndTime "14:37:26 PDT"]
[Termination "SpeedofLight0 won by resignation"]

1. d4 Nf6 2. Bf4 d5 3. Nc3 a6 4. e3 Bf5 5. Nf3 e6 6. Ne5 h6 7.
Bd3 Bxd3 8. cxd3 Bd6 9. O-O O-O 10. Qb3 Ra7 11. e4 c6 12. Na4 dxe4 13. dxe4 Nxe4 14. Qe3 b5 15. d5 Rc7 16. dxe6 Bxe5 17. Bxe5 Re7 18.
Qxe4 bxa4 19. Rad1 Qa5 20. Bc3 Qb5 21. Qg4 fxe6 22.
Rfe1 Ref7 23. Qxe6 Qf5 24. f3 Qxe6 25. Rxe6 Nd7 26.
Rxc6 Nf6 27. Rxa6 Re8 28. Rxa4 Re2 29. Rad4 Rb7 30. R4d2 Re6 31. Rd6 Re2 32. R1d2 Re1+ 33. Kf2 Ra1 34. Bxf6 gxf6 35. Rxf6 Rxa2 36. Rxh6 Rbxb2 37. Rxb2 Rxb2+ 38. Kg3 1-0

[Event "Late-Titled-Tuesday-Blitz-September-19-2023"]
[Site "Chess.com"]
[Date "2023.09.19"]
[Round "4"]
[White "serhanberat_ozdemir"]
[Black "kaanadayhamle"]
[Result "0-1"]
[WhiteElo "2613"]
[BlackElo "2461"]
[TimeControl "180+1"]
[EndTime "14:37:26 PDT"]
[Termination "kaanadayhamle won on time"]

1. e4 e6 2. d4 d5 3. Nd2 dxe4 4.
Nxe4 Nd7 5. Nf3 Ngf6 6. Bd3 b6 7. Qe2 Bb7 8. Nxf6+ Nxf6 9. Bf4 Bd6 10. Bg5 h6 11.
Bd2 Qe7 12. Bb5+ c6 13. Bd3 O-O-O 14. O-O-O Nd5 15. Ne5 Qf6 16. Ba6 Kb8 17. Rhe1 Nf4 18. Qe4 Nd5 19. Bxb7 Kxb7 20. c4 Ne7 21. f4 Bxe5 22.
dxe5 Qf5 23. Qf3 Rd3 24. Re3 Rxe3 25. Bxe3 Kc7 26. Rd6 Rc8 27. Qd1 Kb8 28. Rd7 Qe4 29. Qd6+ Ka8 30. Bd2 Qxc4+ 31. Bc3 Nd5 32. Qe7 Nxe7 0-1

[Event "Late-Titled-Tuesday-Blitz-September-19-2023"]
[Site "Chess.com"]
[Date "2023.09.19"]
[Round "4"]
[White "Alphafischer2019"]
[Black "Hirna2005"]
[Result "1-0"]
[WhiteElo "2622"]
[BlackElo "2375"]
[TimeControl "180+1"]
[EndTime "14:37:26 PDT"]
[Termination "Alphafischer2019 won on time"]

1. Nf3 g6 2. g3 Bg7 3. Bg2 d6 4.
d4 Nc6 5. e4 Nf6 6. Nc3 O-O 7.
O-O e5 8. d5 Ne7 9. Nd2 c6 10.
Nc4 cxd5 11. exd5 Qc7 12. Qe2 a6 13. a4 Bf5 14. a5 Ne8 15. b3 Rc8 16. Ba3 Bd7 17.
Rac1 f5 18. Qd2 e4 19. Ne2 Bb5 20. Nb6 Bxe2 21. Qxe2 Rd8 22. c4 Nf6 23. Rfd1 Ng4 24. c5 dxc5 25. Bxc5 Qe5 26. Nc4 Qf6 27. h3 Ne5 28.
Bd4 Rxd5 29. Nxe5 Rxe5 30. Bxe5 Qxe5 31. Qc4+ Kh8 32. Rd7 Nc6 33. Rd5 Qe7 34. Rcd1 e3 35.
Qe2 exf2+ 36. Qxf2 Re8 37. Kh2 Be5 38. Rd7 Qe6 39. Rxb7 f4 40. gxf4 Rf8 41. Kh1 Rxf4 42. Qc2 Rd4 43. Rf1 1-0

[Event "Late-Titled-Tuesday-Blitz-September-19-2023"]
[Site "Chess.com"]
[Date "2023.09.19"]
[Round "4"]
[White "CFalcons8"]
[Black "BJthechessgod"]
[Result "1-0"]
[WhiteElo "2262"]
[BlackElo "2372"]
[TimeControl "180+1"]
[EndTime "14:37:26 PDT"]
[Termination "CFalcons8 won by resignation"]

1. e4 c5 2. Nf3 e6 3. d4 cxd4 4. Nxd4 Nc6 5. Nxc6 bxc6 6. Bd3 Nf6 7. O-O d5 8. exd5 cxd5 9. c4 Bd6 10. Nc3 Bb7 11.
Bg5 O-O 12. cxd5 exd5 13. Qf3 Be5 14. Qf5 Re8 15. Bxf6 Qxf6 16. Qxh7+ Kf8 17. Rae1 d4 18. f4 dxc3 19. fxe5 Qb6+ 20. Kh1 cxb2 21. Qh8+ Ke7 22. Qxg7 Rg8 23. Qxf7+ Kd8 24. Qxg8+ Kd7 25. Bf5+ Kc6 26. Qe6+ Kb5 27. Bd3+ Ka5 28. Qc4 Rc8 29. Qb3 Qc6 30.
Qa3+ Kb6 31. Qb4+ Kc7 32. Qd6+ Qxd6 33. exd6+ Kxd6 34. Rb1 Rc3 35. Be2 Rc2 36. Bf3 Ba6 37.
Rfd1+ Ke5 38. Kg1 Kf4 39. Rd4+ Ke3 40. Re4+ Kd3 41. Rd1+ Kc3 42. Re3+ Kb4 43. Rb3+ Kc5 44. Be4 Re2 45. Bb1 Bc4 46. Rc3 Kb4 47. Rxc4+ Kxc4 48. Bd3+ Kc3 49. Bxe2 Kc2 50. Rf1 b1=Q 51. Rxb1 Kxb1 52.
a4 Ka2 53. a5 Ka3 54. a6 Kb4 55. Kf1 Kc5 56. h4 Kb6 57. g4 1-0

[Event "Late-Titled-Tuesday-Blitz-September-19-2023"]
[Site "Chess.com"]
[Date "2023.09.19"]
[Round "4"]
[White "IlanSchnaider"]
[Black "Kleyton_Lima"]
[Result "1-0"]
[WhiteElo "2755"]
[BlackElo "2541"]
[TimeControl "180+1"]
[EndTime "14:37:27 PDT"]
[Termination "IlanSchnaider won by resignation"]

1. e4 c5 2. Nf3 d6 3. Bb5+ Bd7 4.
Bxd7+ Nxd7 5. O-O Ngf6 6. Re1 a6 7. c3 e6 8. d4 Be7 9. h3 O-O 10. Bf4 cxd4 11. cxd4 b5 12. Nbd2 Rc8 13. Nf1 Nb6 14.
Ng3 Qc7 15. Rc1 Qb7 16. e5 dxe5 17. Bxe5 Nfd7 18. Qd2 Nc4 19. Qf4 Ndxe5 20. dxe5 Nxb2 21. Qg4 Nd3 22. Rxc8 Rxc8 23. Rd1 Rc1 24. Rxc1 Nxc1 25.
Nh5 Bf8 26. Nf6+ Kh8 27. Nxh7 Kxh7 28. Qh5+ Kg8 29. Ng5 Ba3 30. Qh7+ Kf8 31. Qh8+ Ke7 32. Qxg7 Ke8 33. Qg8+ Bf8 34. Nh7 Qe7 35. Nf6+ Kd8 36. Qg5 Ne2+ 37. Kf1 Nd4 38. Qd2 Qc5 39. Qa5+ Ke7 40.
Kg1 Qc1+ 41. Kh2 Qf4+ 42. Kh1 Qc1+ 43. Kh2 Qf4+ 44. g3 Qc1 45. Qb4+ Kd8 46. Qxf8+ Kc7 47. Qd6+ Kb7 48. Qxd4 1-0

[Event "Late-Titled-Tuesday-Blitz-September-19-2023"]
[Site "Chess.com"]
[Date "2023.09.19"]
[Round "4"]
[White "arminmusovic"]
[Black "Inepton_Fermion"]
[Result "1-0"]
[WhiteElo "2531"]
[BlackElo "2369"]
[TimeControl "180+1"]
[EndTime "14:37:27 PDT"]
[Termination "arminmusovic won on time"]

1. a3 e5 2. d4 exd4 3. Qxd4 Nc6 4. Qa4 d5 5. Nf3 Nf6 6. Bg5 h6 7. Bh4 g5 8. Bg3 Bg7 9. Nc3 Bd7 10. O-O-O Ne7 11.
Qb4 b6 12. e4 c5 13. Qb3 d4 14. Nb5 O-O 15. e5 Ne4 16. h4 g4 17. Nd2 Nxg3 18.
fxg3 Bxe5 19. Nc4 Be6 20. Re1 Bg7 21. Rxe6 fxe6 22. Ncd6 Nd5 23. Bc4 a6 24. Bxd5 exd5 25. Qxd5+ Kh7 26. Qe4+ Kg8 27. Qe6+ Kh7 28. Qe4+ Kh8 29.
Qe6 Qf6 30. Nc7 Qxe6 31. Nxe6 Rf6 32. Nxg7 Kxg7 33. Ne4 Re6 34. Nf2 h5 35. Nd3 Rf6 36. Nf4 1-0

[Event "Late-Titled-Tuesday-Blitz-September-19-2023"]
[Site "Chess.com"]
[Date "2023.09.19"]
[Round "4"]
[White "enestnrvrd"]
[Black "JG-17"]
[Result "1-0"]
[WhiteElo "2680"]
[BlackElo "2511"]
[TimeControl "180+1"]
[EndTime "14:37:28 PDT"]
[Termination "enestnrvrd won on time"]

1. Nf3 Nf6 2. d4 d5 3. g3 e6 4. Bg2 Be7 5. O-O O-O 6. c4 dxc4 7. Ne5 Nc6 8. Nxc6 bxc6 9. Na3 Bxa3 10. bxa3 Ba6 11.
Bb2 Rb8 12. Qc2 Nd5 13. Rfe1 Bb5 14. e4 Nb6 15. Bc3 Na4 16. Bb4 Qxd4 17. Bxf8 Rxf8 18. Rad1 Qc5 19. e5 Qxa3 20. Re3 Qb2 21. Qxb2 Nxb2 22. Rd7 Rc8 23. Ra3 Na4 24. Bf1 c3 25. Rd1 Kf8 26. Rb3 a6 27. f4 Ke7 28. Kf2 Rd8 29. Rxd8 c2 30. Bxb5 c1=Q 31. Rbd3 Qc2+ 32. Kf3 Qxd3+ 33. Rxd3 cxb5 34. Ke3 c5 35. Rd6 a5 36. Ra6 c4 37.
Rxa5 Nc3 38. Kd2 Nb1+ 39. Kc2 1-0

[Event "Late-Titled-Tuesday-Blitz-September-19-2023"]
[Site "Chess.com"]
[Date "2023.09.19"]
[Round "4"]
[White "hellokostya"]
[Black "Gogolev_Artemy"]
[Result "1-0"]
[WhiteElo "2600"]
[BlackElo "2401"]
[TimeControl "180+1"]
[EndTime "14:37:28 PDT"]
[Termination "hellokostya won on time"]

1. d4 d5 2. c4 c6 3. Nf3 Nf6 4. e3 Bf5 5. Nc3 e6 6. Nh4 Be4 7. f3 Bg6 8. Qb3 Qc7 9. Bd2 Be7 10. Nxg6 hxg6 11. cxd5 exd5 12. O-O-O Nbd7 13. Kb1 a5 14. e4 dxe4 15. fxe4 a4 16. Qc2 Nb6 17. e5 Nfd5 18. e6 f5 19. g4 Nb4 20. Qc1 O-O-O 21. gxf5 gxf5 22. a3 N4d5 23. Bd3 Rh4 24. Bxf5 Rxd4 25. Bg5 Nxc3+ 26. bxc3 Rxd1 27. Rxd1 Rxd1 28. Qxd1 Bxg5 29. e7+ Kb8 30. e8=Q+ Ka7 31. Qe4 Bf6 32. Qd2 Qf7 33. c4 Nxc4 34. Qb4 Nb6 35. Qa5+ Kb8 36. Qf4+ Qc7 37.
Qxc7+ Kxc7 38. Bc2 Bd4 39. Bxa4 Kd6 40. Bd1 1-0

[Event "Late-Titled-Tuesday-Blitz-September-19-2023"]
[Site "Chess.com"]
[Date "2023.09.19"]
[Round "4"]
[White "KorolDimitriy75"]
[Black "Bilan_Danila"]
[Result "0-1"]
[WhiteElo "2378"]
[BlackElo "2561"]
[TimeControl "180+1"]
[EndTime "14:37:30 PDT"]
[Termination "Bilan_Danila won on time"]

1. d4 d5 2. c4 c6 3. Nc3 Nf6 4. e3 e6 5. Nf3 Nbd7 6. Bd3 dxc4 7. Bxc4 b5 8. Be2 b4 9. Na4 Bb7 10. O-O Be7 11. b3 O-O 12. Bb2 c5 13. Rc1 Rc8 14. Bc4 Ne4 15. Qe2 Bf6 16. Rfd1 Qa5 17. dxc5 Ndxc5 18. Bxf6 Nxf6 19. Nxc5 Rxc5 20. Nd2 Rfc8 21. Ra1 g6 22. h3 Rg5 23. f3 Qf5 24. e4 Qxh3 25.
Nf1 Nh5 26. Qd2 Qh4 27. Rac1 Nf4 28. Ne3 h5 29. Rc2 Qg3 30. Rdc1 h4 31. Kf1 h3 32. Qf2 hxg2+ 33. Nxg2 Qh3 34. Ke1 Rxg2 35. Qe3 Qg3+ 0-1

[Event "Late-Titled-Tuesday-Blitz-September-19-2023"]
[Site "Chess.com"]
[Date "2023.09.19"]
[Round "4"]
[White "Oleksandr_Bortnyk"]
[Black "KaydenTroffChess"]
[Result "1-0"]
[WhiteElo "3014"]
[BlackElo "2787"]
[TimeControl "180+1"]
[EndTime "14:37:31 PDT"]
[Termination "Oleksandr_Bortnyk won by resignation"]

1. e4 c5 2. c3 g6 3. d4 cxd4 4. cxd4 d5 5. exd5 Nf6 6. Nc3 Bg7 7. Bc4 O-O 8. Nge2 a6 9. a4 Nbd7 10. Qb3 Nb6 11. O-O Bf5 12. a5 Nxc4 13. Qxc4 Rc8 14.
Qb3 Qd7 15. Re1 Bd3 16. Ra4 Bxe2 17. Rxe2 Nxd5 18. Bd2 Nxc3 19. bxc3 e6 20. Rb4 Qd8 21. Rb6 e5 22. d5 Rc5 23. c4 Qc8 24. Re4 f5 25.
Rh4 Bf6 26. Rh3 Rxc4 27. d6 Rf7 28. Rc3 Rxc3 29. Bxc3 e4 30. d7 Qxd7 31. Rxf6 Kf8 32. Rxf7+ Qxf7 33. Qb4+ Qe7 34. Qd4 Qc7 35. Qh8+ Ke7 36.
Qxh7+ Kd8 37. Bf6+ Kc8 38. Qg8+ Kd7 39. Qf7+ Kc6 40.
Qc4+ Kd7 41. Qxc7+ Kxc7 42. Bd4 Kc6 43. g3 Kd5 44. Be3 Ke5 45. h4 Kd5 46. Kf1 Kc4 47. Ke2 Kc3 48. Bb6 Kc4 49. Ke3 Kd5 50. Kf4 Ke6 51.
Kg5 Kf7 52. Bd4 1-0

[Event "Late-Titled-Tuesday-Blitz-September-19-2023"]
[Site "Chess.com"]
[Date "2023.09.19"]
[Round "4"]
[White "Zampronha1971"]
[Black "Emp3rador"]
[Result "0-1"]
[WhiteElo "2282"]
[BlackElo "2482"]
[TimeControl "180+1"]
[EndTime "14:37:31 PDT"]
[Termination "Emp3rador won on time"]

1. e4 e6 2. d4 d5 3. Nc3 dxe4 4. Nxe4 Nd7 5. Nf3 Ngf6 6. Bd3 Nxe4 7. Bxe4 Nf6 8. Bd3 b6 9. c3 Bb7 10. Qa4+ Qd7 11. Bb5 c6 12. Be2 Bd6 13. Ne5 Qc7 14. O-O O-O 15. Bf3 c5 16. Bxb7 Qxb7 17. Nc4 Be7 18.
dxc5 Bxc5 19. Be3 Bxe3 20. Nxe3 Rfd8 21. Rad1 h6 22. h3 Qc7 23. Rxd8+ Rxd8 24. Rd1 Rxd1+ 25.
Qxd1 g5 26. Qd4 Qe7 27. Qe5 Kh7 28. a4 Kg6 29. b4 Qd7 30. Kh2 Qxa4 31. Ng4 Nxg4+ 32.
hxg4 Qe8 33. Qc7 Qa8 34. g3 a5 35. f4 a4 36. f5+ exf5 37. gxf5+ Kg7 38. Qe5+ Kg8 0-1

[Event "Late-Titled-Tuesday-Blitz-September-19-2023"]
[Site "Chess.com"]
[Date "2023.09.19"]
[Round "4"]
[White "OYAcosta"]
[Black "Flaccidmoves"]
[Result "0-1"]
[WhiteElo "2174"]
[BlackElo "2450"]
[TimeControl "180+1"]
[EndTime "14:37:33 PDT"]
[Termination "Flaccidmoves won by checkmate"]

1. d4 e6 2. Bf4 f5 3. Nf3 Nf6 4. e3 b6 5. c4 Bb7 6. Nc3 Bb4 7. Bd3 O-O 8. O-O Bxc3 9. bxc3 Ne4 10. Qc2 d6 11. h3 Nd7 12. Rab1 g5 13. Bh2 h5 14.
Ne1 g4 15. f3 g3 16. fxe4 gxh2+ 17. Kxh2 Qg5 18. Rf3 h4 19. Rf4 e5 20. Rf3 f4 21.
exf4 Rxf4 22. Qd2 Raf8 23. d5 Nc5 24. Bc2 Ba6 25. Kh1 Bxc4 26. Rb4 b5 27. a4 a6 28. axb5 axb5 29. Nd3 Bxd3 30. Bxd3 Qg6 31. Rxf4 Rxf4 32. Rxb5 Qg3 33. Rb8+ Kg7 34. Bb5 Nxe4 35. Qe2 Nf2+ 36. Kg1 Nxh3+ 37. Kh1 Nf2+ 38. Kg1 h3 39. Qh5 Qxg2# 0-1

[Event "Late-Titled-Tuesday-Blitz-September-19-2023"]
[Site "Chess.com"]
[Date "2023.09.19"]
[Round "4"]
[White "tarno17"]
[Black "davigator"]
[Result "0-1"]
[WhiteElo "2158"]
[BlackElo "2332"]
[TimeControl "180+1"]
[EndTime "14:37:34 PDT"]
[Termination "davigator won on time"]

1. e4 c5 2. Nf3 Nc6 3. Bb5 g6 4. O-O Bg7 5. c3 Nf6 6. e5 Nd5 7. d4 cxd4 8. cxd4 O-O 9. Nc3 Nc7 10. Ba4 d5 11. h3 Rb8 12. Bc2 Nb4 13. Bb1 Ne6 14.
a3 Nc6 15. Be3 Qd7 16. Nh2 f6 17. f4 fxe5 18. fxe5 b5 19. Rxf8+ Bxf8 20. Ng4 a5 21. Ne2 Bg7 22. Bd3 b4 23. axb4 Rxb4 24. Rc1 Rxb2 25. Qf1 Ncd8 26. Bh6 Bb7 27. Bxg7 Kxg7 28. Ng3 Nxd4 29.
Qf4 N8e6 30. Qh6+ Kg8 31. Nh5 Qd8 32. Nhf6+ exf6 33. Nxf6+ Kf7 34. Rf1 Nf5 0-1

[Event "Late-Titled-Tuesday-Blitz-September-19-2023"]
[Site "Chess.com"]
[Date "2023.09.19"]
[Round "4"]
[White "angryspacevoid"]
[Black "farzadbfd"]
[Result "0-1"]
[WhiteElo "2499"]
[BlackElo "2689"]
[TimeControl "180+1"]
[EndTime "14:37:35 PDT"]
[Termination "farzadbfd won by checkmate"]

1. e4 e5 2. d4 exd4 3. Qxd4 Nc6 4. Qe3 Bb4+ 5. Bd2 Bxd2+ 6. Nxd2 d6 7. Bc4 Be6 8. O-O-O Qe7 9. f4 Nf6 10. Bb3 Bxb3 11.
cxb3 a5 12. Ngf3 O-O 13. h3 a4 14. Rhe1 axb3 15. Qxb3 Nd7 16. Kb1 Nc5 17. Qc3 Qe6 18. Qc4 Qg6 19. f5 Qf6 20. g4 Ra4 21. Qc2 Rxa2 22. e5 Rfa8 23. Qxc5 Nxe5 24. Qb5 c6 25. Qxb7 Nd3 26. Nc4 Nxe1 27. Rxe1 h6 28. Re7 d5 29. Nce5 Ra1+ 30. Kc2 Rf8 31. Rc7 Rf1 32. Nd7 Qd6 33. Nxf8 Qc5+ 34. Kd2 Rf2+ 35. Ke1 Qe3+ 36. Kd1 Qe2+ 37.
Kc1 Qc2# 0-1

[Event "Late-Titled-Tuesday-Blitz-September-19-2023"]
[Site "Chess.com"]
[Date "2023.09.19"]
[Round "4"]
[White "MajorCoast"]
[Black "whiteglovethief"]
[Result "0-1"]
[WhiteElo "2288"]
[BlackElo "2517"]
[TimeControl "180+1"]
[EndTime "14:37:36 PDT"]
[Termination "whiteglovethief won on time"]

1. d4 Nf6 2. Nf3 e6 3. Bf4 d5 4. e3 h6 5. Bd3 Bd6 6. Bg3 O-O 7.
c3 c5 8. Nbd2 Nc6 9. O-O b6 10. e4 Bxg3 11. hxg3 cxd4 12. e5 Nd7 13. cxd4 f5 14. exf6 Qxf6 15. Rc1 Bb7 16. Bb5 Rac8 17.
Qa4 Ndb8 18. Rfe1 a6 19. Bd3 b5 20. Qd1 Nxd4 21. Rxc8 Nxf3+ 22. Nxf3 Bxc8 23. Bb1 Qxb2 24. Qd3 Rf6 25. Qh7+ Kf7 26. Ne5+ Ke8 27. Qg8+ Rf8 28. Bg6+ Ke7 29. Qxg7+ Kd8 30. Nf7+ Kc7 31. Qxb2 Nc6 32. Rc1 Bd7 33. Ne5 Kd6 34. Nxd7 Kxd7 35. Qc2 Rc8 36. Qe2 Nd4 37. Rxc8 Nxe2+ 38. Kf1 Nxg3+ 39. fxg3 Kxc8 40. Ke2 Kd7 41. Kd3 Kd6 42. a3 e5 43. Be8 Kc5 44. Kc3 a5 45. Bf7 e4 46. g4 d4+ 47. Kd2 a4 48.
Be6 b4 49. axb4+ Kxb4 50. Bd5 a3 51. Ba2 Kc5 52. Bb3 d3 53. Ke3 Kb4 0-1

[Event "Late-Titled-Tuesday-Blitz-September-19-2023"]
[Site "Chess.com"]
[Date "2023.09.19"]
[Round "4"]
[White "RCone"]
[Black "K_alena13"]
[Result "1-0"]
[WhiteElo "2451"]
[BlackElo "2163"]
[TimeControl "180+1"]
[EndTime "14:37:38 PDT"]
[Termination "RCone won by resignation"]

1. e4 e5 2. Bc4 Nf6 3. Nc3 Bb4 4.
Nge2 d6 5. O-O O-O 6. d3 Nc6 7. Bg5 Bxc3 8. Nxc3 h6 9. Bd2 Na5 10. Qf3 Nxc4 11. dxc4 Be6 12. b3 c6 13. Qg3 Nh5 14.
Qf3 Qh4 15. h3 f5 16. Qd3 Rad8 17. f3 f4 18. Be1 Qg5 19. Kh1 Ng3+ 20. Bxg3 fxg3 21.
Kg1 Qh4 22. Qe2 g5 23. Rad1 h5 24. Qe3 a6 25. a4 g4 26. fxg4 Rxf1+ 27. Rxf1 hxg4 28.
Ne2 gxh3 29. Qxg3+ Qxg3 30. Nxg3 hxg2 31. Kxg2 Kg7 32. Nf5+ Bxf5 33. Rxf5 Rg8 34. Kf3 Kg6 35. Ke2 Rh8 36. Rf2 Rh1 37. Rg2+ Kf6 38. Rg8 Rh2+ 39.
Kd3 Rh3+ 40. Kd2 Rh2+ 41. Kc3 Rh7 42. Rd8 Ke7 43. Rb8 Ke6 44. a5 Kd7 45. Rxb7+ 1-0

[Event "Late-Titled-Tuesday-Blitz-September-19-2023"]
[Site "Chess.com"]
[Date "2023.09.19"]
[Round "4"]
[White "Dhaydon19"]
[Black "santosalberto1987"]
[Result "1/2-1/2"]
[WhiteElo "2656"]
[BlackElo "2513"]
[TimeControl "180+1"]
[EndTime "14:37:39 PDT"]
[Termination "Game drawn by repetition"]

1. d4 d5 2. Nc3 Nf6 3. Bf4 e6 4. Nb5 Bb4+ 5. c3 Ba5 6. a4 a6 7. b4 axb5 8. axb5 b6 9. bxa5 bxa5 10. e3 O-O 11. Bd3 c6 12. Nf3 cxb5 13. Bxb5 Ba6 14. Bxa6 Rxa6 15. Qd3 Ra8 16. O-O Nc6 17. Ra4 h6 18. h3 Qb6 19. Rb1 Qa6 20. Qxa6 Rxa6 21. Nd2 Rc8 22. Nb3 Ne4 23. Rc1 Ne7 24. Rxa5 Rxa5 25.
Nxa5 Rxc3 26. Rxc3 Nxc3 27. Kf1 Ng6 28. Bd6 Ne4 29. Bb4 Kh7 30. Nc6 Nf6 31. f3 Nd7 32. Ke2 Nh4 33. Kf2 Ng6 34. Nd8 Kg8 35. Nb7 Nf6 36.
g4 Nd7 37. Nd8 Nb6 38. Kg3 Nc4 39. Kf2 Nb6 40. Nc6 Nc4 41. Bc5 Nf8 42. Bxf8 Kxf8 43. Nb4 Ke7 44. Nd3 Kd6 45. Nf4 Ke7 46. Nh5 g6 47.
Ng3 Kf6 48. h4 Kg7 49. Ne2 Kf6 50. Nc3 Kg7 51. Ke2 Kf6 52. e4 dxe4 53. fxe4 Ke7 54.
Kd3 Nd6 55. e5 Ne8 56. Ne4 Nc7 57. Nf6 Kf8 58. Kc4 Ne8 59. Nxe8 Kxe8 60. Kc5 Kd7 61.
Kb6 Ke7 62. Kc7 Ke8 63. Kd6 Kf8 64. Kd7 Kg7 65. Ke7 Kg8 66. Kd6 Kf8 67. Kd7 Kg7 68. Kc6 Kf8 69. g5 hxg5 70. hxg5 Ke7 71. Kc7 Ke8 72.
Kd6 Kd8 73. Kc6 Ke7 74. Kc7 Ke8 75. Kd6 Kd8 76. Kc6 Ke7 1/2-1/2

[Event "Late-Titled-Tuesday-Blitz-September-19-2023"]
[Site "Chess.com"]
[Date "2023.09.19"]
[Round "4"]
[White "Mesa_1"]
[Black "ilya2700"]
[Result "1-0"]
[WhiteElo "2596"]
[BlackElo "2301"]
[TimeControl "180+1"]
[EndTime "14:37:39 PDT"]
[Termination "Mesa_1 won by resignation"]

1. e4 c5 2. Nf3 e6 3. d4 cxd4 4. Nxd4 Nc6 5. Nc3 Qc7 6. h4 a6 7. h5 h6 8. a3 b5 9. Nxc6 Qxc6 10.
Bd3 Bb7 11. Qe2 Rc8 12. Bd2 Bc5 13. Rh3 Nf6 14. Rg3 Bd4 15. e5 Nd5 16. Be4 Nxc3 17. Rxc3 Bxc3 18. Bxc6 Bxd2+ 19. Qxd2 Bxc6 20. f3 O-O 21.
O-O-O Bd5 22. Kb1 Rc5 23. c3 a5 24. Qe3 Rfc8 25. Rd4 Bc6 26. Rg4 Kh7 27. Rd4 Rd5 28. Rxd5 exd5 29. f4 Re8 30. Qd3+ Kg8 31. g4 b4 32.
axb4 axb4 33. cxb4 Rb8 34. Qd4 Ba4 35. f5 Bb3 36. Qc3 Bc4 37. b3 d4 38. Qxc4 d3 39.
Qxd3 Rxb4 40. Qxd7 Rxb3+ 41. Kc2 Rg3 42. Qe8+ Kh7 43.
Qxf7 Rg2+ 44. Kd3 Rxg4 45. e6 Rg5 46. e7 Rg4 47. Qg6+ Rxg6 48. hxg6+ 1-0

[Event "Late-Titled-Tuesday-Blitz-September-19-2023"]
[Site "Chess.com"]
[Date "2023.09.19"]
[Round "4"]
[White "AsaHoffmann"]
[Black "DvaHrasta"]
[Result "0-1"]
[WhiteElo "2363"]
[BlackElo "2508"]
[TimeControl "180+1"]
[EndTime "14:37:39 PDT"]
[Termination "DvaHrasta won by resignation"]

1. d4 Nf6 2. Bg5 c5 3. d5 Qb6 4. Nc3 Qxb2 5. Bd2 Qb6 6. e4 e5 7. f4 d6 8. Nf3 Bg4 9. Rb1 Qc7 10. h3 Bxf3 11. Qxf3 a6 12. a4 Nbd7 13. Be2 Be7 14. f5 c4 15. g4 h6 16. O-O Nc5 17. Kh1 b6 18. Rg1 Nh7 19. Bxc4 Ng5 20. Qg2 Ncxe4 21. Nxe4 Qxc4 22. Bxg5 hxg5 23. Rxb6 O-O 24. Nxd6 Bxd6 25. Rxd6 Qxa4 26. f6 g6 27. Qd2 Qe4+ 28. Kh2 Rfc8 29. Rc1 a5 30. c3 Rab8 31. Re1 Qf4+ 32. Qxf4 gxf4 33. Rc6 Rxc6 34. dxc6 Rc8 35. Rxe5 Rxc6 36. Rxa5 Rxf6 37. Kg2 Rc6 38. Ra3 g5 39. Kf3 Kg7 40. h4 f6 41. h5 Kh6 42. Ke4 Rc5 43. Kd4 Rc8 44. c4 Rd8+ 45. Ke4 Re8+ 46. Kd5 Re3 47. c5 Rxa3 48. c6 Rc3 0-1

[Event "Late-Titled-Tuesday-Blitz-September-19-2023"]
[Site "Chess.com"]
[Date "2023.09.19"]
[Round "4"]
[White "WPWPWP-2015"]
[Black "TanitoluwaAps116"]
[Result "1-0"]
[WhiteElo "2528"]
[BlackElo "2668"]
[TimeControl "180+1"]
[EndTime "14:37:40 PDT"]
[Termination "WPWPWP-2015 won on time"]

1. e4 c5 2. Nf3 Nc6 3. Bb5 g6 4. O-O Bg7 5. c3 e5 6. Re1 Nge7 7. d3 O-O 8. h3 a6 9. Ba4 b5 10. Bb3 d5 11. Be3 c4 12. Bc2 cxd3 13. Bxd3 f5 14.
exd5 Nxd5 15. Bc5 Re8 16. Bc2 Bb7 17. a4 e4 18. axb5 axb5 19. Rxa8 Bxa8 20. Nd4 b4 21. Bb3 Na5 22. Ba4 Re5 23. cxb4 Nc4 24. Qc2 Ncb6 25.
Nc6 Bxc6 26. Bxc6 Kh8 27. Rd1 Qc7 28. b5 h5 29. Nc3 Nxc3 30. Bd6 Qc8 31. bxc3 Re7 32.
Bxe7 e3 33. fxe3 Qe6 34. Bc5 Nc4 35. Qe2 Ne5 36. Bd5 Qf6 37. Bd4 Qg5 38. Bf3 h4 39. b6 Kh7 40. b7 Qd8 41. Bxe5 1-0